 Dungeon Crawl Stone Soup version 0.21.1-1-g345015f (webtiles) character file.

306430 Leafsnail the Severer (level 22, -9/182 HPs)
             Began as a Formicid Hunter on Feb 24, 2018.
             Was a Believer of Uskayaw.
             Mangled by a titan (11 damage)
             ... on level 5 of the Vaults.
             The game lasted 03:36:47 (49648 turns).

Leafsnail the Severer (Formicid Hunter)            Turns: 49648, Time: 03:36:48

Health: -9/182     AC: 24    Str: 33    XL:     22   Next: 48%
Magic:  0/35       EV:  5    Int: 11    God:    Uskayaw [**....]
Gold:   2552       SH:  0    Dex: 11    Spells: 13/21 levels left

rFire    . . .     SeeInvis +   a - +9 battleaxe (freeze)
rCold    + . .     Gourm    .   R - +0 large shield {AC+3}
rNeg     . . .     Faith    .   M - +2 plate armour {rPois}
rPois    +         Spirit   +   (helmet unavailable)
rElec    .         Reflect  .   d - +0 cloak
rCorr    .         Harm     .   v - +1 pair of gloves
MR       ++...                  H - +0 pair of boots
Stlth    ..........             P - amulet of guardian spirit
HPRegen  0.40/turn              L - ring of Eternity {rC+ Str+3}
MPRegen  0.24/turn              C - +3 ring of strength

@: petrifying, marked, corroded, drained, very slow
A: permanent stasis, dig shafts and tunnels, four strong arms, antennae 3,
deterioration 1
}: 1/15 runes: gossamer
a: Dig, Shaft Self, Stomp, Line Pass, Renounce Religion


You were on level 5 of the Vaults.
You worshipped Uskayaw.
Uskayaw was most pleased with you.
You were not hungry.

You visited 6 branches of the dungeon, and saw 33 of its levels.
You also visited: Sewer and Ice Cave.

You collected 3129 gold pieces.
You spent 577 gold pieces at shops.

Inventory:

Hand Weapons
 a - a +9 battleaxe of freezing (weapon)
 b - a +5 blowgun
 K - a +0 falchion of flaming
Missiles
 h - 93 poisoned needles
 p - 3 poisoned javelins
 A - 18 stones
 B - 3 curare-tipped needles
 J - 7 needles of sleeping
 O - 59 tomahawks (quivered)
 S - 6 needles of confusion
 U - a javelin
Armour
 d - a +0 cloak (worn)
 v - a +1 pair of gloves (worn)
 H - a +0 pair of boots (worn)
 M - a +2 plate armour of poison resistance (worn)
 R - a +0 large shield of protection (worn)
Jewellery
 g - an uncursed ring of poison resistance
 y - an uncursed ring of protection from fire
 C - a +3 ring of strength (right hand)
 L - the ring of Eternity (left hand) {rC+ Str+3}
   (You found it on level 6 of the Lair of Beasts)

   [ring of strength]

   It affects your strength (+3).
   It protects you from cold.
 P - an amulet of guardian spirit (around neck)
 Z - an uncursed ring of protection from magic
Wands
 i - a wand of enslavement (33)
 r - a wand of paralysis (46)
 x - a wand of acid (16)
 F - a wand of scattershot (6)
 G - a wand of iceblast (16)
 N - a wand of flame (84)
 X - a wand of digging (10)
 Y - a wand of polymorph (10)
Scrolls
 j - 4 scrolls of fog
 m - 3 scrolls of fear
 o - 10 scrolls of enchant armour
 q - 8 scrolls of identify
 s - 5 scrolls of amnesia
 t - 4 scrolls of magic mapping
 w - 23 scrolls of remove curse
 z - 2 scrolls of holy word
 Q - a scroll of summoning
Potions
 k - 6 potions of flight
 l - 9 potions of curing
 n - 6 potions of mutation
 u - a potion of might
 D - 5 potions of brilliance
 E - a potion of invisibility
 I - 5 potions of agility
 T - 2 potions of resistance
 V - 3 potions of magic
Miscellaneous
 e - a fan of gales
 W - a lightning rod (4/4)
Comestibles
 f - 57 rations


   Skills:
 + Level 17.3(16.9) Fighting
 - Level 20.0(19.5) Axes
 - Level 5.4(5.1) Throwing
 + Level 17.2(16.7) Armour
 - Level 2.2(1.9) Dodging
 - Level 1.2(0.9) Stealth
 - Level 15.0(14.6) Shields
 + Level 18.5(18.0) Invocations
 - Level 8.0(7.6) Evocations


You had 13 spell levels left.
You knew the following spells:

 Your Spells              Type           Power        Failure   Level  Hunger
a - Spectral Weapon       Hex/Chrm       #.......     99%         3    ####...
b - Shroud of Golubria    Chrm/Tloc      #.........   94%         2    ###....
c - Regeneration          Chrm/Necr      #.........   99%         3    ####...


Dungeon Overview and Level Annotations

Branches:
Dungeon (15/15)            Temple (1/1) D:5            Lair (6/6) D:10
  Swamp (0/4) Lair:2       Spider (4/4) Lair:4        Slime (0/5) Lair:6
    Orc (2/2) D:9             Elf (0/3) Orc:2        Vaults (5/5) D:14
  Crypt (0/3) Vaults:3     Depths (0/5) D:15

Altars:
Ashenzari
Cheibriados
Dithmenos
Elyvilon
Fedhas
Gozag
Hepliaklqana
Kikubaaqudgha
Makhleb
Nemelex Xobeh
Okawaru
Qazlal
Ru
Sif Muna
Trog
Uskayaw
Vehumet
Wu Jian
Xom
Yredelemnul
Zin
The Shining One
Beogh

Shops:
D:5 (!(!   D:6 }   D:8 (   D:11 %   Orc:2 :[*(   Vaults:2 %   Vaults:4 **}[(

Portals:
Trove: Vaults:4 (give 8 potions of agility)

Annotations:
D:4 exclusions: player ghost and upstairs
D:5 exclusion: downstairs
D:6 exclusions: downstairs and 2 upstairs
Lair:1 exclusion: oklob plant
Lair:5 exclusion: downstairs


Innate Abilities, Weirdness & Mutations

You cannot be hasted, slowed, berserked, paralysed or teleported.
You can dig through walls and to a lower floor.
Your four strong arms can wield two-handed weapons with a shield.
You have a pair of large antennae on your head. (SInv)
Your body sometimes deteriorates upon taking damage.


Message History

The orc warlord seems to regain its courage.
The lich gestures at you while chanting.
The bolt of acid hits you!
You are splashed with acid!
The acid burns!
* * * LOW HITPOINT WARNING * * *
The titan hits you!
* * * LOW HITPOINT WARNING * * *
The deep elf mage mumbles some strange words.
The deep elf mage blinks!
Cornered, the orc warrior turns to fight!
The deep elf annihilator casts a spell.
The deep elf annihilator blinks!
Cornered, the cyan very ugly thing turns to fight!
The yaktaur captain yells, "Help!"
Cornered, the yaktaur captain turns to fight!
Cornered, the orc turns to fight!
The lich touches you!
* * * LOW HITPOINT WARNING * * *
You feel drained.
The ironheart preserver looks desperately for an escape route.
The titan hits you!!
You die...

....###...## .....#.....#
...........# ....L
..........p# ....
}..........# ... #.....#
..#################†).##
...#......#§")...#e...c#
..........#($...@Cp....#
..........#(....CL....o#
(.........#...§..e....u#
[..#......#......#)C).o#
..###....###..(§###(c.##
[".#..)...#..o..[#.....#
().................{.p.#
(........c............c#
...#......#......#........


You could see an orc warlord, an ironheart preserver (fleeing), 2 titans, a cyan
very ugly thing, a fire giant, a vault warden, a lich, a yaktaur captain, a deep
elf annihilator (fleeing), a vault sentinel (fleeing), 3 yaktaurs, a deep elf
mage (fleeing), an orc warrior and an orc.

Vanquished Creatures
  2 ancient liches (Vaults:5)
  Arachne (Spider:4)
  A tentacled monstrosity (Vaults:5)
  Rupert (D:15)
  A titan (Vaults:5)
  Gastronok (D:8)
  An ancient champion (Vaults:3)
  A sphinx (Vaults:5)
  A tengu reaver (Vaults:5)
  A shadow dragon (Vaults:5)
  A frost giant (Vaults:5)
  3 fire giants
  12 vault wardens
  An orc warlord (Orc:2)
  3 emperor scorpions (Spider:4)
  An iron dragon (Vaults:5)
  5 ghost moths
  20 ironheart preservers
  6 very ugly things (Vaults:3)
  2 war gargoyles (Vaults:5)
  7 stone giants
  4 entropy weavers
  A dire elephant (D:15)
  A spark wasp (Spider:4)
  A deep elf annihilator (Vaults:3)
  4 ettins
  An eidolon (Vaults:3)
  4 deep elf death magi
  11 ogre magi
  5 yaktaur captains
  4 ice dragons
  5 great orbs of eyes
  Fannar (D:11)
  2 rakshasas
  34 vault guards
  7 hydras
  10 centaur warriors
  31 two-headed ogres
  3 dancing weapons
  4 death knights
  A tengu warrior (D:13)
  11 death yaks (Lair:6)
  A vampire mage (Vaults:3)
  A deep troll earth mage (Vaults:4)
  Sonja (D:11)
  A hell knight (Vaults:5)
  2 orc high priests (Orc:2)
  8 deep elf knights
  3 shadow wraiths
  2 skeletal warriors (D:13)
  A sea snake (shapeshifter) (Vaults:4)
  7 deep trolls
  A storm dragon skeleton (Vaults:2)
  8 deep elf archers
  An unseen horror (D:14)
  6 wizards
  2 glowing orange brains
  16 ironbrand convokers
  4 harpies (Vaults:3)
  5 necromancers
  13 orc knights
  2 phantasmal warriors
  19 orb spiders
  6 orc sorcerers
  2 cyclopes
  23 ugly things
  2 moths of wrath
  A manticore (D:13)
  A salamander (D:15)
  16 deep elf magi
  5 elephants (Lair:3)
  24 wolf spiders
  10 vault sentinels
  A guardian serpent (shapeshifter) (Vaults:4)
  7 black mambas
  Joseph (D:7)
  2 gargoyles
  2 torpor snails (Spider:2)
  A centaur zombie (D:12)
  12 spiny frogs
  4 ice statues (IceCv)
  3 rime drakes
  2 komodo dragons
  27 yaktaurs
  5 freezing wraiths
  2 kobold demonologists
  2 efreet
  7 demonic crawlers
  A komodo dragon (shapeshifter) (Vaults:2)
  8 ice devils (IceCv)
  2 tengu conjurers (D:14)
  35 jumping spiders
  A meliai (shapeshifter) (Vaults:2)
  2 jumping spiders (shapeshifter) (Vaults:4)
  A queen bee (Spider:3)
  5 trolls
  3 meliai (Spider:3)
  3 polar bears (Lair:6)
  A hornet (shapeshifter) (D:13)
  12 hornets
  19 slime creatures
  28 blink frogs
  12 hippogriffs
  22 dream sheep
  2 vampires (D:15)
  19 tarantellas
  63 yaks
  52 redbacks
  12 spriggans (Lair:6)
  4 wraiths
  7 wyverns
  2 basilisks
  9 vampire mosquitoes
  A human (shapeshifter) (Vaults:2)
  A redback simulacrum (D:15)
  5 wargs
  2 acid dragons (Vaults:1)
  22 water moccasins
  15 porcupines
  16 ice beasts
  37 orc warriors
  4 sky beasts
  An eye of draining (D:12)
  A human zombie (Vaults:2)
  The ghost of shugdite the Skirmisher, an amateur MiFi (D:4)
  A necrophage (D:10)
  A phantom (D:6)
  6 black bears
  37 ogres
  An ettin simulacrum (Vaults:2)
  9 boggarts
  21 wolves
  17 centaurs
  2 human skeletons (Vaults:2)
  11 crocodiles
  9 big kobolds
  20 bullfrogs
  A wyvern zombie (D:7)
  A wyvern skeleton (D:9)
  7 scorpions
  38 killer bees
  8 wights
  2 howler monkeys
  9 electric eels
  6 crimson imps
  A bullfrog zombie (D:5)
  3 draconian simulacra (IceCv)
  6 jellies
  4 hounds
  Crazy Yiuf (D:2)
  3 centaur skeletons
  33 orc wizards
  2 human simulacra
  17 orc priests
  4 bullfrog skeletons
  A gnoll shaman (D:5)
  6 iguanas
  7 worker ants
  4 yak simulacra (Lair:3)
  A spriggan simulacrum (IceCv)
  2 troll simulacra (IceCv)
  2 polar bear simulacra (Lair:3)
  A wolf simulacrum (Lair:3)
  2 hound skeletons
  12 gnolls
  2 howler monkey skeletons
  18 adders
  4 naga simulacra (IceCv)
  3 river rats (Sewer)
  2 shadow imps
  4 oozes (Sewer)
  An adder skeleton (D:9)
  An adder zombie (D:6)
  7 worms
  A dart slug (D:1)
  4 leopard geckos
  117 orcs
  3 bats
  5 giant cockroaches
  5 goblins
  6 hobgoblins
  14 jackals
  5 quokkas
  6 ball pythons
  6 frilled lizards
  20 kobolds
  A quokka zombie (D:5)
  12 rats
  4 river rat simulacra (Lair:3)
  4 crawling corpses (Vaults:1)
  15 fungi
  9 plants
1518 creatures vanquished.

Vanquished Creatures (collateral kills)
  2 gnolls (D:4)
  A river rat (D:4)
  A ball python (D:4)
  A rat (D:4)
5 creatures vanquished.

Vanquished Creatures (others)
  A yaktaur (Vaults:1)
  A gnoll (D:4)
  A ball lightning (Vaults:3)
  59 fungi
  15 plants
77 creatures vanquished.

Grand Total: 1600 creatures vanquished

Notes
Turn   | Place    | Note
-------+----------+-------------------------------------------
     0 | D:1      | Leafsnail the Formicid Hunter began the quest for the Orb.
     0 | D:1      | Reached XP level 1. HP: 16/16 MP: 1/1
   534 | D:1      | Reached XP level 2. HP: 22/23 MP: 2/2
  1040 | D:1      | Reached XP level 3. HP: 28/28 MP: 3/3
  1560 | D:2      | Reached XP level 4. HP: 33/34 MP: 4/4
  1748 | D:2      | Reached skill level 5 in Throwing
  1998 | D:2      | Found a runed door.
  2002 | D:2      | Noticed Crazy Yiuf
  2012 | D:2      | Killed Crazy Yiuf
  2517 | D:3      | Reached XP level 5. HP: 39/39 MP: 5/5
  2814 | D:3      | Reached skill level 1 in Axes
  3115 | D:4      | Noticed an ogre
  3117 | D:4      | Killed an ogre
  3117 | D:4      | Reached skill level 3 in Axes
  3117 | D:4      | Reached XP level 6. HP: 46/46 MP: 6/6
  3378 | D:4      | Noticed shugdite's ghost (amateur MiFi)
  3574 | D:4      | Reached skill level 4 in Axes
  3624 | D:4      | Found a glowing drain.
  3635 | Sewer    | Entered a sewer
  3890 | Sewer    | Reached XP level 7. HP: 51/51 MP: 7/7
  4031 | Sewer    | Reached skill level 5 in Axes
  4394 | Sewer    | Reached skill level 6 in Axes
  5095 | D:4      | Reached XP level 8. HP: 56/57 MP: 8/8
  5361 | D:5      | Entered Level 5 of the Dungeon
  5475 | D:5      | Reached skill level 7 in Axes
  5559 | D:5      | Found Karuatwi's Antique Weapon Boutique.
  5562 | D:5      | Bought a runed blowgun for 154 gold pieces
  5779 | D:5      | Found Woathep's Distillery.
  5944 | D:5      | Found Caorhits's Antique Weapon Shop.
  6016 | D:5      | Reached skill level 8 in Axes
  6017 | D:5      | Found a staircase to the Ecumenical Temple.
  6098 | Temple   | Entered the Ecumenical Temple
  6197 | Temple   | Became a worshipper of Uskayaw the Reveler
  6294 | D:5      | Reached * piety under Uskayaw
  6301 | D:5      | Reached ** piety under Uskayaw
  6630 | D:5      | Found Gouqec's Distillery.
  6733 | D:6      | Reached skill level 9 in Axes
  6792 | D:6      | Found Qocuva Elau's Gadget Shop.
  6999 | D:6      | Reached *** piety under Uskayaw
  7018 | D:6      | Reached XP level 9. HP: 49/62 MP: 9/9
  7019 | D:6      | Reached **** piety under Uskayaw
  7573 | D:6      | Reached skill level 10 in Axes
  8292 | D:7      | Noticed Joseph
  8615 | D:7      | Killed Joseph
  8615 | D:7      | Reached skill level 11 in Axes
  9223 | D:7      | Reached skill level 12 in Axes
  9223 | D:7      | Reached XP level 10. HP: 29/68 MP: 6/10
 10147 | D:5      | Bought a scorched broad axe for 216 gold pieces
 10147 | D:5      | Identified the +11 broad axe of Kocuothre {freeze, rF+ MP+9} (You bought it in a shop on level 5 of the Dungeon)
 10520 | D:8      | Reached skill level 13 in Axes
 10577 | D:8      | Noticed Gastronok
 10636 | D:8      | Found Ruchi's Antique Weapon Emporium.
 10845 | D:4      | Killed shugdite's ghost
 11309 | D:8      | Killed Gastronok
 11309 | D:8      | Reached skill level 14 in Axes
 11309 | D:8      | Reached XP level 11. HP: 42/74 MP: 10/11
 11456 | D:8      | Found an ornate altar of the Wu Jian Council.
 12035 | D:9      | Reached skill level 15 in Axes
 12858 | D:9      | Found a staircase to the Orcish Mines.
 13120 | D:10     | Entered Level 10 of the Dungeon
 13228 | D:10     | Reached ***** piety under Uskayaw
 13531 | D:10     | Reached ****** piety under Uskayaw
 13533 | D:10     | Reached skill level 16 in Axes
 13541 | D:10     | Found a staircase to the Lair.
 14118 | D:10     | Reached XP level 12. HP: 73/80 MP: 12/12
 14142 | D:10     | Noticed a three-headed hydra
 14160 | D:10     | Killed a three-headed hydra
 14542 | D:10     | Reached skill level 1 in Armour
 14542 | D:10     | Reached skill level 1 in Invocations
 14561 | Lair:1   | Entered Level 1 of the Lair of Beasts
 14813 | Lair:1   | Noticed a six-headed hydra
 15124 | D:11     | Reached skill level 17 in Axes
 15127 | D:11     | Noticed a two-headed ogre
 15135 | D:11     | Killed a two-headed ogre
 15369 | D:11     | Noticed Fannar
 15384 | D:11     | Killed Fannar
 15557 | D:11     | Noticed Sonja
 15564 | D:11     | Killed Sonja
 15674 | D:11     | Found Wusm's Food Shoppe.
 16094 | D:12     | Reached skill level 5 in Fighting
 16479 | D:12     | Reached skill level 5 in Invocations
 16479 | D:12     | Reached XP level 13. HP: 88/92 MP: 16/16
 17325 | D:13     | Noticed a centaur warrior
 17344 | D:13     | Killed a centaur warrior
 17349 | D:13     | Reached skill level 5 in Armour
 18457 | D:13     | Found a runed door.
 18485 | D:13     | Noticed a five-headed hydra
 18940 | D:13     | Killed a one-headed hydra
 20194 | Lair:1   | Killed a one-headed hydra
 20452 | Lair:2   | Found a staircase to the Swamp.
 20547 | Lair:2   | Reached XP level 14. HP: 82/105 MP: 20/20
 21751 | Lair:2   | Reached skill level 18 in Axes
 22126 | Lair:3   | Found a frozen archway.
 22372 | IceCv    | Entered an ice cave
 23804 | Lair:3   | Reached skill level 10 in Invocations
 25034 | Lair:4   | Reached skill level 10 in Fighting
 25304 | Lair:4   | Found the +8 whip "Snakebite" {curare, rPois}
 25391 | Lair:4   | Found a hole to the Spider Nest.
 26678 | Lair:5   | Reached skill level 10 in Armour
 26678 | Lair:5   | Reached XP level 15. HP: 116/116 MP: 23/23
 27339 | Lair:5   | Reached skill level 1 in Shields
 27640 | Lair:6   | Entered Level 6 of the Lair of Beasts
 28876 | Lair:6   | Found a staircase to the Slime Pits.
 29128 | Lair:6   | Got a transparent jade ring
 29156 | Lair:6   | Identified the ring of Eternity {rC+ Str+3} (You found it on level 6 of the Lair of Beasts)
 29189 | Lair:6   | Reached XP level 16. HP: 81/127 MP: 25/25
 30076 | Orc:1    | Entered Level 1 of the Orcish Mines
 30522 | Orc:2    | Entered Level 2 of the Orcish Mines
 31441 | Orc:2    | Found a roughly hewn altar of Beogh.
 31450 | Orc:2    | HP: 3/129 [orc knight/war axe (17)]
 31859 | Orc:2    | Found Ruydoep's Book Emporium.
 31866 | Orc:2    | Found Feikuy's Antique Armour Emporium.
 31971 | Orc:2    | Found Hicoilir's General Store.
 31989 | Orc:2    | Found Oblor's Antique Weapon Emporium.
 32063 | Orc:2    | Found a staircase to the Elven Halls.
 32804 | D:14     | Found a gate to the Vaults.
 33833 | D:15     | Entered Level 15 of the Dungeon
 33900 | D:15     | Found a staircase to the Depths.
 34410 | D:15     | Noticed Rupert
 34419 | D:15     | Killed Rupert
 34579 | D:15     | Reached XP level 17. HP: 130/137 MP: 27/27
 34708 | D:15     | Found a shimmering altar of Xom.
 35245 | Spider:1 | Entered Level 1 of the Spider Nest
 36775 | Spider:2 | Reached skill level 5 in Shields
 38310 | Spider:4 | Entered Level 4 of the Spider Nest
 38310 | Spider:4 | Noticed Arachne
 38323 | Spider:4 | Killed Arachne
 38323 | Spider:4 | Reached skill level 15 in Invocations
 39186 | Spider:4 | Reached XP level 18. HP: 130/146 MP: 29/29
 40662 | Spider:4 | Got a gossamer rune of Zot
 41324 | Vaults:1 | Entered Level 1 of the Vaults
 41536 | Vaults:1 | Reached skill level 10 in Shields
 41825 | Vaults:1 | Reached XP level 19. HP: 146/154 MP: 30/30
 42711 | Vaults:1 | Learned a level 3 spell: Spectral Weapon
 42714 | Vaults:1 | Learned a level 2 spell: Shroud of Golubria
 42718 | Vaults:1 | Learned a level 3 spell: Regeneration
 42962 | Vaults:2 | Reached skill level 15 in Shields
 43056 | Vaults:2 | Reached skill level 15 in Fighting
 43426 | Vaults:2 | Reached skill level 15 in Armour
 43750 | Vaults:2 | Reached XP level 20. HP: 162/162 MP: 32/32
 44078 | Vaults:2 | Found Qexkavyz's Food Shoppe.
 44562 | Vaults:2 | Reached skill level 19 in Axes
 45378 | Vaults:3 | Reached skill level 20 in Axes
 45390 | Vaults:3 | Reached skill level 1 in Evocations
 45986 | Vaults:3 | Found a staircase to the Crypt.
 46481 | Vaults:3 | Reached XP level 21. HP: 170/170 MP: 33/33
 47066 | Vaults:4 | Gained mutation: Your body sometimes deteriorates upon taking damage. [a neqoxec]
 47695 | Vaults:4 | Reached skill level 5 in Evocations
 47731 | Vaults:4 | Found Odeseig's Gadget Emporium.
 47787 | Vaults:4 | Found a portal to a secret trove of treasure.
 47923 | Vaults:4 | Found Muuduf's General Store.
 47924 | Vaults:4 | Found Migofut's General Store.
 48157 | Vaults:4 | Found Uheawikhluku's Armour Emporium.
 48169 | Vaults:4 | Bought a +0 large shield of protection for 207 gold pieces
 48234 | Vaults:4 | Found Ucseente's Antique Weapon Boutique.
 48633 | Vaults:5 | Entered Level 5 of the Vaults
 49063 | Vaults:5 | Reached XP level 22. HP: 147/180 MP: 26/34
 49283 | Vaults:5 | Noticed an ancient lich
 49618 | Vaults:5 | Noticed an ancient lich
 49628 | Vaults:5 | Killed an ancient lich
 49630 | Vaults:5 | Killed an ancient lich
 49648 | Vaults:5 | HP: 8/182 [acid (2)]
 49648 | Vaults:5 | HP: 2/182 [lich (2)]
 49648 | Vaults:5 | Mangled by a titan

Skill      XL: |  1  2  3  4  5  6  7  8  9 10 11 12 13 14 15 16 17 18 19 20 21 22 |
---------------+-------------------------------------------------------------------+-----
Dodging        | 2 |  2.2
Throwing       | 5 |  5.4
Axes           | 3 4 6 9 12 14 16 17 18 20 | 20.0
Fighting       | 5 8 10 12 13 14 15 16 17 | 17.3
Armour         | 4 7 10 11 13 14 15 16 17 | 17.2
Invocations    | 5 8 10 12 14 15 16 17 18 | 18.5
Shields        | 2 9 12 15 | 15.0
Evocations     | 3 7 8 |  8.0
Stealth        | |  1.2

Action                   |  1- 3 |  4- 6 |  7- 9 | 10-12 | 13-15 | 16-18 | 19-21 | 22-24 || total
-------------------------+-------+-------+-------+-------+-------+-------+-------+-------++-------
Melee: Short sword       |   137 |    55 |       |       |       |       |       |       ||   192
       Hand axe          |       |   134 |   558 |       |       |       |       |       ||   692
       War axe           |       |       |       |    48 |       |       |       |       ||    48
       Broad axe         |       |       |       |   337 |   748 |   844 |   475 |       ||  2404
       Falchion          |       |       |       |     3 |    43 |     7 |       |       ||    53
       Battleaxe         |       |       |       |       |       |       |   258 |    93 ||   351
 Fire: Blowgun           |       |       |    22 |    52 |    15 |     6 |       |       ||    95
Throw: Javelin           |     8 |    14 |    41 |    24 |    39 |     2 |       |       ||   128
       Stone             |    20 |    36 |   116 |   226 |   174 |       |       |       ||   572
       Throwing net      |     1 |     1 |     2 |       |       |       |       |       ||     4
       Tomahawk          |       |       |       |    50 |    51 |    95 |     2 |       ||   198
Invok: Line Pass         |       |       |     6 |     3 |     3 |     1 |       |       ||    13
       Grand Finale      |       |       |       |     1 |       |     2 |     4 |     2 ||     9
Evoke: Wand              |       |     3 |       |     1 |     2 |     3 |     2 |       ||    11
  Use: Potion            |     2 |       |     2 |       |     8 |     4 |     2 |     2 ||    20
       Scroll            |       |     5 |     5 |    10 |    10 |    10 |     7 |     2 ||    49
 Stab: Sleeping          |     1 |       |       |       |       |       |       |       ||     1
       Paralysed         |       |       |     1 |    23 |    95 |    99 |   141 |    15 ||   374
       Confused          |       |       |     1 |     1 |       |       |       |       ||     2
       Held in net/web   |       |       |     1 |       |       |       |       |       ||     1
  Eat: Chunk             |     2 |     7 |    13 |    18 |    20 |    32 |    24 |       ||   116
       Ration            |       |       |     2 |     2 |     6 |     3 |     1 |     1 ||    15
Armor: Leather armour    |    37 |     7 |       |       |       |       |       |       ||    44
       Chain mail        |       |   101 |   243 |   182 |   256 |    12 |       |       ||   794
       Skin              |       |       |       |       |    54 |       |       |       ||    54
       Plate armour      |       |       |       |       |       |   346 |   130 |    32 ||   508
Dodge: Dodged            |   103 |    80 |   162 |   145 |   172 |   220 |   106 |    16 ||  1004
Block: Other             |       |       |       |       |    39 |       |       |       ||    39
       Reflection        |       |       |       |       |     1 |     8 |     6 |       ||    15
       Buckler           |       |       |       |       |    48 |    86 |       |       ||   134
       Shield            |       |       |       |       |       |   288 |       |       ||   288
       Large shield      |       |       |       |       |       |    35 |   512 |    60 ||   607
       Rpst.: Falchion   |       |       |       |       |       |     1 |       |       ||     1
